Map: Pride of Altaris LE

Players

Folly - Winner!

  • Race: Protoss Protoss
  • League: Diamond
  • Spawn Location: 11:00

Leon

  • Race: Zerg Zerg
  • League: Diamond
  • Spawn Location: 5:00

VOD

Have the link to the VOD?

Description

Collosus drop into chargelot timing

Time

  • Played on: July 7, 2022, 6:48 p.m.
  • Length: 19:39
Show
View Real Time Build Order
Export as new Build Order

Folly Protoss - Winner!

Build Orders: 1 Gate Expand, Colossus Rush 

Get SALT Encoding   

  12  0:00  Probe  
  13  0:12  Probe  
  14  0:19  Pylon  
  14  0:24  Probe  
  15  0:37  Probe (Chrono Boost)  
  15  0:39  Gateway  
  16  0:48  Assimilator  
  16  0:49  Probe (Chrono Boost)  
  17  0:54  Probe (Chrono Boost)  
  18  1:03  Probe  
  19  1:15  Probe  
  20  1:27  Probe  
  20  1:32  Zealot  
  23  1:41  Nexus  
  23  1:52  Cybernetics Core  
  23  2:08  Assimilator  
  23  2:18  Gateway  
  23  2:20  Pylon  
  23  2:38  Probe  
  23  2:41  Robotics Facility  
  23  2:42  Warp Gate  
  24  2:51  Probe (Chrono Boost)  
  25  2:59  Probe (Chrono Boost)  
  25  3:03  Probe (Chrono Boost)  
  27  3:09  Probe (Chrono Boost)  
  27  3:10  Pylon, Probe (Chrono Boost)  
  27  3:11  Stalker  
  31  3:13  Stalker  
  33  3:20  Probe x2  
  35  3:29  Robotics Bay  
  35  3:32  Probe x2  
  37  3:38  Assimilator  
  37  3:44  Probe, Assimilator  
  37  3:45  Probe  
  39  3:55  Warp Prism  
  41  3:56  Probe  
  42  4:26  Gravitic Drive  
  42  4:30  Colossus  
  48  4:40  Zealot  
  50  4:49  Probe x2  
  52  4:58  Pylon  
  52  4:59  Gateway  
  52  5:01  Gateway, Probe x2  
  52  5:03  Gateway  
  52  5:05  Gateway  
  54  5:16  Probe  
  54  5:20  Twilight Council  
  55  5:21  Probe  
  55  5:28  Probe  
  57  5:33  Probe  
  58  5:40  Probe  
  59  5:45  Probe  
  60  5:53  Nexus  
  60  5:54  Pylon  
  60  5:56  Pylon  
  60  6:20  Probe x2  
  60  6:23  Charge (Chrono Boost)  
  62  6:26  Zealot x5  
  62  6:27  Zealot  
  62  6:31  Extended Thermal Lance  
  62  6:32  Probe x2  
  76  6:44  Probe x2  
  78  7:04  Colossus (Chrono Boost)  
  78  7:05  Probe x2  
  86  7:10  Pylon  
  86  7:11  Probe  
  86  7:15  Pylon  
  87  7:16  Zealot  
  87  7:17  Probe x2, Zealot  
  93  7:28  Probe  
  93  7:29  Probe  
  95  7:33  Zealot  
  95  7:34  Templar Archives  
  97  7:49  Colossus (Chrono Boost)  
  103  7:55  Forge  
  103  7:56  Forge  
  103  8:01  Robotics Facility  
  103  8:03  Shield Battery  
  103  8:05  Shield Battery  
  103  8:11  Zealot x2  
  103  8:12  Stalker  
  109  8:20  Pylon  
  109  8:29  Pylon  
  109  8:31  Pylon  
  109  8:33  Pylon  
  109  8:36  Protoss Ground Weapons Level 1 (Chrono Boost), Protoss Ground Armor Level 1 (Chrono Boost)  
  109  8:42  Observer  
  109  8:46  Blink  
  110  8:48  Zealot  
  110  8:49  Zealot x3  
  110  8:50  Zealot x2  
  110  8:52  Colossus  
  128  9:02  Nexus  
  128  9:04  Pylon  
  128  9:05  Pylon  
  128  9:06  Assimilator x2  
  128  9:14  Colossus  
  134  9:23  Probe  
  134  9:24  Probe x2  
  137  9:31  Assimilator  
  137  9:33  Assimilator  
  137  9:35  Photon Cannon  
  137  9:36  Photon Cannon  
  137  9:38  Photon Cannon, Shield Battery  
  137  9:39  Probe x2  
  137  9:41  High Templar  
  137  9:42  High Templar x5, Photon Cannon  
  137  9:43  Photon Cannon  
  151  9:45  Colossus  
  157  9:54  Gateway  
  157  9:58  Gateway  
  157  10:01  Gateway  
  157  10:02  Archon  
  157  10:03  Archon x2  
  141  10:17  Zealot x5  
  141  10:18  Zealot  
  131  10:25  Protoss Ground Weapons Level 2 (Chrono Boost)  
  131  10:27  Protoss Ground Armor Level 2 (Chrono Boost)  
  131  10:34  Gateway  
  131  10:38  Pylon  
  124  10:47  Gateway  
  124  10:48  Gateway  
  114  10:52  High Templar x4  
  114  10:53  High Templar  
  114  10:56  Immortal  
  128  11:06  Probe (Chrono Boost)  
  128  11:07  Probe x2 (Chrono Boost)  
  131  11:17  Immortal  
  138  11:22  Probe x3 (Chrono Boost)  
  138  11:25  Psionic Storm  
  138  11:29  Archon x2, Probe x3  
  141  11:36  Immortal  
  141  11:39  Zealot x3  
  151  11:41  Probe x2, Zealot x3  
  151  11:42  Zealot x4  
  164  11:49  Probe  
  164  11:53  Probe x2  
  161  11:58  Shield Battery  
  161  12:05  Zealot x2  
  161  12:06  High Templar x2  
  161  12:07  High Templar  
  163  12:17  Archon  
  163  12:19  Archon  
  163  12:22  Immortal x2  
  157  12:31  Zealot x4  
  157  12:32  Zealot  
  163  12:49  Zealot  
  163  12:50  Zealot x5  
  163  12:51  Zealot  
  157  13:01  Immortal x2  
  145  13:10  High Templar x3, Zealot  
  145  13:11  High Templar x6  
  147  13:22  Archon x2  
  147  13:23  Archon  
  141  13:30  Immortal  
  141  13:38  Protoss Ground Weapons Level 3 (Chrono Boost)  
  141  13:40  Immortal, Protoss Ground Armor Level 3 (Chrono Boost)  
  131  13:56  High Templar x2  
  131  13:58  Probe x3  
  138  14:09  Immortal (Chrono Boost)  
  142  14:10  Probe x2  
  142  14:12  High Templar x3  
  150  14:19  Archon  
  150  14:21  Immortal (Chrono Boost), Archon  
  154  14:24  Zealot x2  
  154  14:25  Zealot x2  
  154  14:26  Zealot x2  
  166  14:44  Pylon, Colossus (Chrono Boost)  
  172  14:46  Nexus  
  172  14:49  Pylon  
  168  15:06  Nexus  
  165  15:07  Observer  
  165  15:10  Pylon  
  165  15:12  Photon Cannon  
  165  15:13  Photon Cannon  
  137  15:32  Observer, High Templar x2  
  137  15:33  High Templar x3  
  137  15:34  High Templar x2  
  146  15:36  Immortal  
  146  15:54  Observer  
  147  16:05  Probe  
  147  16:06  Probe x2  
  150  16:13  Zealot x3  
  150  16:14  Disruptor, Zealot x5  
  150  16:16  Disruptor  
  150  16:17  Probe  
  150  16:18  Probe x2  
  175  16:21  Pylon  
  175  16:40  Pylon  
  175  16:42  Assimilator  
  175  16:44  Assimilator  
  175  16:55  Shield Battery  
  175  16:56  Assimilator  
  175  16:57  Disruptor x2  
  175  16:58  Assimilator  
  175  16:59  Pylon  
  144  17:32  Zealot  
  144  17:33  Zealot x5  
  144  17:34  Zealot x5  
  166  17:39  Immortal x2  
  168  18:12  Zealot x4  
  174  18:13  Zealot x4  
  174  18:14  Zealot  
  174  18:18  Immortal x2  
  165  18:58  Immortal x2  
  153  19:39  Nexus  
Show
View Real Time Build Order
Export as new Build Order

Leon Zerg 

Build Orders: Hatch First, Lurkers 

Get SALT Encoding   

  12  0:03  Drone  
  13  0:12  Overlord  
  13  0:17  Drone  
  14  0:31  Drone  
  14  0:32  Drone  
  16  0:48  Hatchery  
  15  0:53  Drone  
  15  0:55  Drone  
  17  0:59  Drone  
  18  1:10  Extractor  
  17  1:15  Spawning Pool  
  17  1:17  Drone  
  17  1:20  Drone  
  18  1:29  Drone  
  19  1:40  Drone  
  20  1:51  Overlord  
  20  2:00  Drone  
  21  2:02  Queen x2  
  21  2:06  Zergling x2  
  26  2:16  Metabolic Boost  
  26  2:18  Zergling x2  
  26  2:20  Drone  
  28  2:26  Drone  
  28  2:27  Drone  
  30  2:37  Drone  
  30  2:38  Drone  
  32  2:50  Overlord, Drone  
  33  2:57  Queen  
  33  2:58  Hatchery  
  34  3:02  Drone  
  34  3:03  Drone  
  36  3:13  Baneling Nest  
  36  3:15  Drone x2  
  36  3:16  Overlord  
  37  3:20  Drone  
  37  3:21  Drone x2  
  40  3:31  Drone x2  
  40  3:34  Queen  
  42  3:38  Drone  
  45  3:42  Zergling x2  
  44  4:16  Drone x6  
  50  4:22  Overlord  
  50  4:25  Overlord  
  50  4:27  Overlord  
  50  4:33  Roach Warren  
  49  4:40  Lair, Queen x2  
  49  4:45  Hatchery  
  52  4:47  Drone  
  52  4:48  Drone  
  52  4:52  Extractor  
  53  4:56  Drone  
  53  4:57  Drone x11  
  53  4:58  Drone  
  66  5:00  Hatchery  
  65  5:10  Drone  
  65  5:11  Evolution Chamber, Drone x4  
  65  5:12  Evolution Chamber  
  67  5:30  Extractor  
  67  5:31  Extractor  
  65  5:37  Extractor  
  65  5:39  Extractor  
  65  5:42  Drone x3  
  66  5:43  Zergling x8, Roach x2  
  66  5:47  Overlord x3  
  71  6:18  Drone x4  
  74  6:19  Drone x2  
  74  6:23  Zerg Melee Weapons Level 1, Zerg Missile Weapons Level 1  
  74  6:25  Zergling x6, Roach x5  
  90  6:26  Zergling x2, Roach  
  93  6:49  Drone x3  
  93  6:51  Drone x4  
  93  6:52  Drone x2  
  102  6:56  Zergling x2  
  102  6:57  Roach x3, Zergling x2  
  102  6:59  Overlord  
  102  7:00  Overlord x2  
  102  7:01  Overlord  
  110  7:02  Overlord  
  110  7:05  Baneling  
  110  7:06  Baneling x12  
  110  7:07  Baneling  
  110  7:23  Drone x9  
  110  7:24  Drone  
  110  7:26  Ravager  
  110  7:27  Ravager x3  
  110  7:28  Zergling x4  
  126  7:30  Queen  
  126  7:31  Queen x3  
  134  7:37  Overseer x2  
  134  7:40  Spore Crawler  
  134  7:43  Spine Crawler  
  132  7:48  Glial Reconstitution  
  132  7:50  Centrifugal Hooks  
  132  7:54  Drone  
  132  7:56  Spore Crawler  
  132  8:01  Overseer  
  132  8:04  Drone x3  
  135  8:10  Zergling x2  
  135  8:11  Roach x4, Zergling x4  
  135  8:12  Zergling x2, Hatchery  
  146  8:16  Hatchery  
  145  8:25  Infestation Pit  
  145  8:26  Zerg Melee Weapons Level 2  
  144  8:27  Zerg Missile Weapons Level 2, Hydralisk Den  
  144  8:33  Drone  
  144  8:34  Drone x6  
  150  8:43  Overseer  
  150  8:45  Pneumatized Carapace  
  150  8:46  Overlord  
  150  8:47  Overlord x4  
  150  8:59  Overlord x2  
  150  9:00  Overlord x5  
  150  9:01  Overlord x2  
  150  9:21  Zergling x8, Roach x5, Spine Crawler  
  150  9:22  Zergling x4, Roach x4  
  150  9:23  Zergling x2, Spine Crawler  
  173  9:26  Baneling x8  
  173  9:27  Baneling  
  173  9:33  Zergling x2  
  173  9:34  Zergling x14  
  173  9:35  Zergling x2  
  182  9:46  Ravager x2  
  182  9:47  Ravager x7  
  191  9:53  Extractor  
  191  9:54  Extractor, Drone x2  
  191  9:55  Drone x3  
  191  9:56  Drone x3  
  188  10:11  Hive  
  188  10:12  Grooved Spines  
  178  10:18  Lurker Den  
  141  10:27  Zergling x6, Roach x3  
  141  10:28  Zergling x12, Roach x7  
  164  10:29  Zergling x14  
  164  10:30  Roach, Zergling x4  
  164  10:31  Zergling x2  
  167  10:52  Zergling x10, Roach x5  
  167  10:53  Zergling x6, Roach x5  
  195  11:04  Zerg Ground Armor Level 1  
  195  11:23  Baneling  
  195  11:24  Baneling x16, Muscular Augments  
  195  11:28  Seismic Spines  
  195  11:31  Adrenal Glands  
  195  11:37  Drone x4  
  195  11:38  Drone  
  191  11:58  Ravager x7  
  191  11:59  Ravager  
  199  12:06  Extractor  
  199  12:07  Extractor, Drone  
  199  12:08  Drone  
  179  12:18  Zergling x10, Roach x4  
  179  12:19  Roach x5, Zergling x4  
  198  12:25  Adaptive Talons  
  198  12:29  Pathogen Glands  
  198  12:33  Burrow  
  152  13:24  Hydralisk  
  152  13:25  Hydralisk x15  
  173  13:44  Drone x3  
  173  13:45  Drone x5  
  173  13:46  Drone x2  
  173  13:47  Drone x4  
  173  13:48  Drone x6  
  187  13:49  Drone x4  
  196  14:01  Lurker  
  196  14:02  Lurker x3  
  200  14:10  Hatchery  
  200  14:15  Extractor  
  198  14:17  Extractor  
  197  14:27  Drone x3  
  200  14:49  Zerg Missile Weapons Level 3, Zerg Melee Weapons Level 3  
  159  15:35  Hydralisk x3  
  159  15:36  Hydralisk x7, Roach x5  
  159  15:37  Roach x5  
  172  16:02  Hydralisk x5  
  172  16:03  Roach x6  
  189  16:06  Lurker x4  
  189  16:10  Ravager x6  
  189  16:11  Ravager  
  193  16:35  Lurker  
  193  16:36  Lurker x4  
  180  17:08  Hydralisk x8, Roach x3  
  145  17:09  Hydralisk x6, Roach x7  
  145  17:10  Roach x5  
  165  17:38  Lurker  
  165  17:39  Lurker x11  
  152  17:54  Zergling x2, Roach x4  
  152  17:55  Zergling x14, Roach x7  
  152  17:56  Roach  
  155  18:12  Hatchery  
  113  18:37  Hydralisk x4  
  113  18:38  Hydralisk x3, Roach x7  
  113  18:39  Roach  
  84  19:17  Lurker  
  84  19:18  Lurker x3  
Tags
 
Add a new tag
Caveats
  • Supply blocks, unpowered buildings, or Contaminate may cause inaccurate times.
  • Supply counts are checked every 10 seconds.